[Event "*** Titled Tuesday Blitz"]
[Site "Chess.com"]
[Date "2019.03.05"]
[Round "1"]
[White "731291"]
[Black "JoachimMouhamad"]
[Result "1-0"]
[WhiteElo "2684"]
[BlackElo "2315"]
[TimeControl "180+2"]
[EndTime "13:08:32 PST"]
[Termination "731291 won by resignation"]

1. e4 c6 2. Nc3 d5 3. Nf3 dxe4 4. Nxe4 Nf6 5. Nxf6+ exf6 6. Bc4 Bd6 7. Qe2+ Qe7 8.
Qxe7+ Bxe7 9. d4 O-O 10. O-O Be6 11. Bb3 Re8 12. Bf4 Na6 13. c3 Rad8 14. Rfe1 Bd6 15.
Bxd6 Rxd6 16. Re3 Rd7 17. Rae1 Rde7 18. Nd2 Nc7 19. f4 Kf8 20. Kf2 Nd5 21. Bxd5 Bxd5 22.
a3 Rxe3 23. Rxe3 Rd8 24. g3 Be6 25. Ne4 b6 26. Re1 a5 27. Re3 Rd5 28. Re2 Bg4 29. Rd2 Be6 30. Ke3 Rd8 31. Nf2 Bf5 32. g4 Re8+ 33. Kf3 Be6 34. Kg2 Bd5+ 35. Kf1 Re3 36. h3 Ke7 37. Kg1 Re1+ 38. Kh2 Kd6 39. f5 a4 40. Kg3 Re3+ 41. Kh2 g6 42. fxg6 fxg6 43. Nd3 Bc4 44. Nf4 Re1 45. Rf2 Rf1 46. Kg3 Rg1+ 47. Kh2 Re1 48. Ng2 Ke7 49. Nxe1 1-0

[Event "*** Titled Tuesday Blitz"]
[Site "Chess.com"]
[Date "2019.03.05"]
[Round "1"]
[White "checkmatequen"]
[Black "Bad4life"]
[Result "1-0"]
[WhiteElo "2122"]
[BlackElo "2489"]
[TimeControl "180+2"]
[EndTime "13:08:32 PST"]
[Termination "checkmatequen won by resignation"]

1. e4 c5 2. Nf3 d6 3. d4 cxd4 4. Nxd4 Nf6 5. Nc3 g6 6. Be3 Bg7 7. f3 O-O 8. Bc4 Nc6 9. Qd2 Bd7 10. O-O-O Rc8 11. Bb3 Ne5 12. Kb1 Nc4 13. Bxc4 Rxc4 14.
g4 b5 15. b3 b4 16. bxc4 bxc3 17. Qxc3 Qc7 18. h4 h5 19. gxh5 Nxh5 20. Qd3 Rc8 21. Nb3 a5 22. Bd4 e5 23. Bb2 a4 24. Nd2 Nf4 25.
Qc3 Ne6 26. a3 Nd4 27. h5 Be6 28. hxg6 fxg6 29. Rh2 d5 30. exd5 Bf5 31. Ne4 Qb7 32.
Ka2 Qa6 33. c5 Qa8 34. c6 Qa7 35. Qc5 Qf7 36. Nd6 Rxc6 37. Qxc6 Nxc6 38. Nxf7 Na5 39. Nxe5 Nb7 40. d6 Be6+ 41. Kb1 Bf6 42. Nxg6 Bg5 43.
Rh8+ Kf7 44. Rh7+ Kxg6 45. Rxb7 Bd8 46. d7 Kf7 47. Rb8 Ke7 48. Rxd8 Kxd8 49. Bf6+ 1-0

[Event "*** Titled Tuesday Blitz"]
[Site "Chess.com"]
[Date "2019.03.05"]
[Round "1"]
[White "Eliwood44"]
[Black "raviteja81293"]
[Result "0-1"]
[WhiteElo "2210"]
[BlackElo "2574"]
[TimeControl "180+2"]
[EndTime "13:08:36 PST"]
[Termination "raviteja81293 won by resignation"]

1. d4 d5 2. Nf3 Nf6 3. c4 c6 4. Qc2 dxc4 5. e4 Bg4 6. Bxc4 Bxf3 7. gxf3 Qxd4 8. Qb3 e6 9. Be3 Qd7 10. Nc3 Be7 11. Rd1 Qc7 12. O-O O-O 13. Kh1 Nbd7 14. Rg1 Ne5 15. Be2 Ng6 16. Rg3 Nh5 17. Rh3 Nhf4 18. Rg3 Bh4 19. Rg4 h5 20. Bxf4 Nxf4 21.
Rxh4 g5 22. Rg1 Qe5 23. Rxh5 Nxh5 24. h4 f6 25. Qxb7 Rab8 26. Qxc6 Rf7 27. Bc4 Nf4 28. Bb3 Rh7 29. Rg4 Rd8 30. Qb5 Qxb5 31. Nxb5 Rxh4+ 32. Rxh4 gxh4 33. Nc7 Kf7 34. Kh2 Rd2 35. Kg1 Rxb2 36.
Nb5 h3 37. Nxa7 Rb1+ 38. Kh2 Rf1 39. Kg3 Rxf2 40. Kxf2 h2 41. Bxe6+ Kxe6 42. Nb5 h1=Q 43. Nd4+ Kf7 0-1

[Event "*** Titled Tuesday Blitz"]
[Site "Chess.com"]
[Date "2019.03.05"]
[Round "1"]
[White "albi1999"]
[Black "sergoy"]
[Result "0-1"]
[WhiteElo "2421"]
[BlackElo "2835"]
[TimeControl "180+2"]
[EndTime "13:08:39 PST"]
[Termination "sergoy won by resignation"]

1. d4 Nf6 2. c4 e6 3. Nf3 d5 4. g3 Bb4+ 5. Bd2 Be7 6. Bg2 O-O 7.
O-O c6 8. Qc2 b6 9. Rd1 Ba6 10.
b3 Nbd7 11. Bc1 Rc8 12. Bb2 c5 13. Nc3 cxd4 14. Nxd4 e5 15. Nf5 d4 16. Ne4 b5 17.
Ned6 Rc7 18. Ba3 bxc4 19. bxc4 Nc5 20. Nxe7+ Qxe7 21. Nf5 Qe6 22. Bh3 Kh8 23. Kg2 Bc8 24. Qd2 Nfe4 25. Qa5 Rc6 26. f3 Ra6 27. Qb4 Ra4 28.
Qb2 Qc6 29. fxe4 Qxe4+ 30. Kg1 Bxf5 31. Bxf5 Qe3+ 32. Kh1 Qxa3 33. Qb5 g6 34. Bc2 Ra6 35.
Rd3 Nxd3 36. Bxd3 Ra5 37. Qd7 Kg7 38. Rf1 Qc5 39. h4 Ra6 40. Qg4 f5 41. Qg5 h6 42.
Qd2 e4 0-1

[Event "*** Titled Tuesday Blitz"]
[Site "Chess.com"]
[Date "2019.03.05"]
[Round "1"]
[White "jamengrand"]
[Black "IakovUlivar"]
[Result "1-0"]
[WhiteElo "2164"]
[BlackElo "2512"]
[TimeControl "180+2"]
[EndTime "13:08:50 PST"]
[Termination "jamengrand won by resignation"]

1. e4 e5 2. Nf3 Nf6 3. Nc3 Nc6 4. d4 exd4 5. Nxd4 Bb4 6. Nxc6 bxc6 7. Bd3 O-O 8. O-O d5 9. exd5 cxd5 10. h3 c6 11. Qf3 Bd6 12. Bf4 Re8 13. b3 Be5 14.
Bxe5 Rxe5 15. Rfe1 Qe7 16. Rxe5 Qxe5 17. Rd1 Bd7 18.
Na4 Re8 19. Nc5 Qd6 20. b4 a5 21. a3 axb4 22. axb4 g6 23. Ra1 Kg7 24. Ra7 Bc8 25. c3 Re1+ 26. Bf1 h5 27. Qg3 Qxg3 28. fxg3 Re3 29.
Rc7 Bf5 30. Rxc6 d4 31. cxd4 Nd5 32. b5 Re1 33. Kf2 Rb1 34. Bc4 Rb2+ 35. Kf3 Nb4 36. Rd6 Nc2 37. Be2 Rb4 38. d5 Nd4+ 39. Ke3 Nc2+ 40.
Kd2 Nd4 41. Kc3 Nxb5+ 42. Kxb4 Nxd6 43. Bf3 Kf6 44. Na6 Ke5 45. Kc5 Nb7+ 46. Kc6 Na5+ 47. Kb5 Nb7 48. Nb4 Bd7+ 49. Kb6 Nd6 50. Nc6+ Bxc6 51. dxc6 f5 52. c7 Nc8+ 53. Kb7 Nd6+ 54. Kb8 f4 55. g4 hxg4 56. hxg4 Kf6 57. c8=Q Nxc8 58. Kxc8 1-0

[Event "*** Titled Tuesday Blitz"]
[Site "Chess.com"]
[Date "2019.03.05"]
[Round "1"]
[White "GameOverBro"]
[Black "GrigorGrigorov"]
[Result "0-1"]
[WhiteElo "2424"]
[BlackElo "2839"]
[TimeControl "180+2"]
[EndTime "13:08:52 PST"]
[Termination "GrigorGrigorov won by resignation"]

1. e4 c6 2. Nc3 d5 3. Nf3 dxe4 4.
Nxe4 Nf6 5. Qe2 Nxe4 6. Qxe4 Be6 7. Bc4 Bd5 8. Qe2 Bxc4 9. Qxc4 e6 10. O-O Be7 11.
d4 O-O 12. Bf4 Nd7 13. Rfe1 Nb6 14. Qe2 Nd5 15. Bd2 Qc7 16. c4 Nf6 17. Bc3 Rfd8 18.
a4 Rac8 19. a5 Bf8 20. Qc2 c5 21. dxc5 Qxc5 22. Bxf6 gxf6 23. b3 a6 24. Re4 f5 25.
Re5 Qd6 26. Ree1 Qd3 27. Ra2 Qxc2 28. Rxc2 Rd3 29. Re3 Rcd8 30. Kf1 Bb4 31. Ke2 Rd1 32.
Ne5 R1d2+ 33. Rxd2 Rxd2+ 34. Kf3 Bxa5 35. Rd3 Rb2 36. Nd7 Be1 37. Kf4 Rxf2+ 38. Ke5 Kg7 39. Rg3+ Kh6 40. Rh3+ Kg7 41. Rg3+ Kh8 42. Rd3 Rxg2 43.
Kf6 Rd2 44. Rxd2 Bxd2 45. Kxf7 f4 46. Ne5 Bc3 47. Ng4 e5 48. Ke6 e4 49. Kf5 e3 0-1

[Event "*** Titled Tuesday Blitz"]
[Site "Chess.com"]
[Date "2019.03.05"]
[Round "1"]
[White "King_of_the_wing"]
[Black "1random"]
[Result "0-1"]
[WhiteElo "2175"]
[BlackElo "2553"]
[TimeControl "180+2"]
[EndTime "13:08:54 PST"]
[Termination "1random won by resignation"]

1. e4 d5 2. exd5 Nf6 3. Nf3 Bg4 4. Bc4 Nxd5 5. O-O e6 6. d4 Be7 7. c3 O-O 8. Be3 c5 9. Nbd2 Nc6 10. Bxd5 Qxd5 11.
Qb3 Qxb3 12. axb3 cxd4 13. Nxd4 Nxd4 14. Bxd4 a6 15. Nc4 f6 16. Nb6 Rad8 17. f3 Bf5 18.
Rfe1 e5 19. Be3 Rd3 20. b4 Rfd8 21. Kf2 Kf7 22. Na4 Bc8 23. Ke2 f5 24. Bd4 R3xd4 25.
cxd4 Rxd4 26. Rec1 Be6 27. Nc5 Rxb4 28. Nxe6 Rxb2+ 29. Kf1 Kxe6 30. Rab1 Rxb1 31. Rxb1 b5 32. Ra1 b4 33.
Rxa6+ Kd5 34. Ke2 Kc4 35. Kd1 Bc5 36. Re6 Bd4 37. Kc2 b3+ 38. Kb1 Kd3 39. Re7 e4 40. fxe4 fxe4 41. Rb7 e3 42. Rxb3+ Bc3 43. Rb7 e2 44.
Rd7+ Bd4 0-1

[Event "*** Titled Tuesday Blitz"]
[Site "Chess.com"]
[Date "2019.03.05"]
[Round "1"]
[White "yuki_chess123"]
[Black "Hongjin"]
[Result "0-1"]
[WhiteElo "2137"]
[BlackElo "2522"]
[TimeControl "180+2"]
[EndTime "13:08:55 PST"]
[Termination "Hongjin won by resignation"]

1. e4 d6 2. d4 Nf6 3. f3 g6 4. c4 Bg7 5. Nc3 O-O 6. Bg5 h6 7. Be3 c5 8. d5 e5 9. Qd2 Nh7 10. Bd3 f5 11. Nge2 f4 12. Bf2 g5 13.
O-O-O Na6 14. Kb1 Bd7 15. Ka1 Nc7 16. Rb1 a6 17. b4 cxb4 18. Rxb4 b5 19. Rb2 bxc4 20.
Bxc4 Nf6 21. Rhb1 g4 22. Bb6 Qc8 23. Rc1 Nce8 24. Bd3 gxf3 25. gxf3 Bh3 26. Nb5 Qd7 27. Nc7 Nxc7 28. Rxc7 Qe8 29. Ba5 Qh5 30. Rbb7 Ne8 31.
Rc1 Qxf3 32. Ng1 Qh5 33. Nxh3 Qxh3 34. Rg1 f3 35. Bf1 Qh4 36. Qe3 Qxh2 37. Bd2 f2 38.
Rg2 Qf4 39. Qe2 Qf3 40. Bxh6 Qxe2 41. Rgxg7+ Nxg7 42.
Rxg7+ Kh8 43. Bxe2 f1=Q+ 44. Bxf1 Rxf1+ 45. Kb2 Rh1 46. Rg6 Kh7 47. Rxd6 Rxh6 48. Rd7+ Kg8 0-1

[Event "*** Titled Tuesday Blitz"]
[Site "Chess.com"]
[Date "2019.03.05"]
[Round "1"]
[White "1995Tiger"]
[Black "wenx95"]
[Result "0-1"]
[WhiteElo "1915"]
[BlackElo "2470"]
[TimeControl "180+2"]
[EndTime "13:08:55 PST"]
[Termination "wenx95 won on time"]

1. d4 Nf6 2. c4 Nc6 3. Nf3 e6 4.
Nc3 Bb4 5. Qc2 d6 6. Bd2 O-O 7. a3 Bxc3 8. Bxc3 Qe7 9. e3 e5 10. dxe5 dxe5 11. Be2 a5 12. O-O a4 13. Rad1 Bg4 14.
h3 Bh5 15. Ng5 Bg6 16. Qc1 h6 17. Nf3 Ne4 18. Nd2 Nc5 19. Bb4 Nxb4 20. axb4 Nd3 21. Bxd3 Bxd3 22. Rfe1 Qxb4 23. Nf3 e4 24. Ne5 Rad8 25.
Nxd3 exd3 26. Rd2 Rd6 27. Red1 Rfd8 28. c5 Rd5 29. c6 b5 30. f3 R5d6 31. e4 Qc4 32.
Qb1 Qxc6 33. Rxd3 Rxd3 34. Rxd3 Rxd3 35. Qxd3 Qc1+ 36. Kh2 Qxb2 37. Qd8+ Kh7 38. Qd5 Qb3 39. Qf5+ g6 40. Qf4 a3 41. e5 a2 42. Qc1 Qc4 43.
Qa1 b4 44. f4 Qxf4+ 45. Kh1 b3 46. e6 fxe6 47. Qd1 Qd6 48. Qf1 Kg7 49. Qa1+ e5 50. Qf1 b2 51. Kh2 e4+ 52. g3 Qd2+ 0-1

[Event "*** Titled Tuesday Blitz"]
[Site "Chess.com"]
[Date "2019.03.05"]
[Round "1"]
[White "LukasHandler"]
[Black "Dyadya81"]
[Result "0-1"]
[WhiteElo "2390"]
[BlackElo "2767"]
[TimeControl "180+2"]
[EndTime "13:08:57 PST"]
[Termination "Dyadya81 won by checkmate"]

1. d4 Nf6 2. c4 g6 3. Nc3 Bg7 4. e4 d6 5. Be2 O-O 6. Be3 Nc6 7. d5 Ne5 8. h3 c6 9. f4 Ned7 10. Nf3 Nh5 11. O-O Ng3 12. Rf2 Bxc3 13. bxc3 Nxe4 14. Rf1 Nxc3 15. Qc2 Nxe2+ 16. Qxe2 cxd5 17. cxd5 Nf6 18. Rad1 Bf5 19. g4 Be4 20. Ng5 Rc8 21. Rd2 Bxd5 22. Re1 h6 23. Nf3 Bc4 24. Qh2 Ne4 25. Rb2 Bd5 26. f5 Nc5 27. Qf4 g5 28. Nxg5 e5 29. fxe6 fxe6 30. Nxe6 Nxe6 31. Qxh6 Qf6 32. Qxf6 Rxf6 33.
Rd2 Nc7 34. Bxa7 Bc6 35. Bd4 Re6 36. Rf1 Rce8 37. Rf5 Rg6 38. Kh2 Ne6 39. Bb2 Ng5 40. Rdf2 Ne4 41. R2f4 Nc5 42. Rf2 Nd3 43. Rd2 Nxb2 44.
Rxb2 Rge6 45. Kg3 Re3+ 46. Kh4 R8e7 47. Kg5 Rg7+ 48. Kf4 Rf3# 0-1

[Event "*** Titled Tuesday Blitz"]
[Site "Chess.com"]
[Date "2019.03.05"]
[Round "1"]
[White "ENEASZ"]
[Black "SantoBlue"]
[Result "0-1"]
[WhiteElo "2334"]
[BlackElo "2702"]
[TimeControl "180+2"]
[EndTime "13:08:57 PST"]
[Termination "SantoBlue won by resignation"]

1. e4 e5 2. Nf3 Nc6 3. Bc4 Bc5 4. c3 Nf6 5. d4 exd4 6. O-O Nxe4 7. cxd4 Be7 8. d5 Nb8 9. Re1 Nd6 10. Bd3 O-O 11.
Nc3 Bf6 12. Bf4 b6 13. Qc2 g6 14. Rac1 Ba6 15. b4 Bxd3 16. Qxd3 a5 17. b5 Bg7 18. Bxd6 cxd6 19. a4 Ra7 20. Ne4 Rc7 21. Qd2 Rxc1 22. Rxc1 h6 23. h3 Kh7 24. h4 f5 25. Ng3 Qf6 26.
Re1 Rc8 27. Kh2 Qf7 28. h5 gxh5 29. Qd3 Rc5 30. Rd1 Rc3 31. Qxf5+ Qxf5 32. Nxf5 Rc4 33. Re1 Rxa4 34. Re8 Rb4 35. Nxd6 a4 36. Rxb8 a3 37.
Ra8 Bb2 38. Ne1 Be5+ 39. g3 Bxd6 40. Rxa3 Rxb5 41. Re3 Rxd5 42. Nf3 b5 43. Kg2 b4 44.
Re4 b3 45. Re3 Rb5 46. Rd3 b2 47. Nd2 Rb6 48. Kf3 Kg6 49. Ke4 Bf8 50. f4 Rb4+ 51. Ke3 Bc5+ 52. Ke2 d6 53. Kd1 b1=Q+ 54. Nxb1 Rxb1+ 55.
Kc2 Rg1 56. Kc3 h4 57. gxh4 Kf5 58. Kc4 Kxf4 0-1

[Event "*** Titled Tuesday Blitz"]
[Site "Chess.com"]
[Date "2019.03.05"]
[Round "1"]
[White "gmcorrales"]
[Black "NoGalloNoParty"]
[Result "1-0"]
[WhiteElo "2700"]
[BlackElo "2333"]
[TimeControl "180+2"]
[EndTime "13:09:00 PST"]
[Termination "gmcorrales won by resignation"]

1. e4 c5 2. Nf3 d6 3. d4 cxd4 4. Nxd4 Nf6 5. Nc3 a6 6. Be3 e5 7. Nb3 Be7 8. f3 Be6 9. Qd2 O-O 10. O-O-O a5 11. a4 Na6 12. g4 Nb4 13. g5 Nd7 14.
Kb1 Rc8 15. h4 f5 16. Bb5 fxe4 17. fxe4 Nb6 18. Bxb6 Qxb6 19. Rhf1 Rxf1 20. Rxf1 Qc7 21. Nc1 b6 22. N1e2 Qc5 23. Ng3 Qd4 24. Rd1 Qxd2 25.
Rxd2 g6 26. Nd5 Nxd5 27. exd5 Bg4 28. Bc6 Rf8 29. Ne4 Rf4 30. Nc3 Bf5 31. Rh2 Kg7 32. Ka2 Rb4 33. b3 h6 34. Nb5 hxg5 35. hxg5 Rg4 36.
Na3 Rxg5 37. Nc4 Rh5 38. Rg2 Be4 39. Re2 Bf3 40. Rf2 e4 41. Nxb6 Rf5 42. Nc4 g5 43.
b4 axb4 44. a5 g4 45. a6 g3 46. Rf1 g2 47. Rg1 Be2 48. Rxg2+ Kf7 49. Rxe2 1-0

[Event "*** Titled Tuesday Blitz"]
[Site "Chess.com"]
[Date "2019.03.05"]
[Round "1"]
[White "Keaton87"]
[Black "Karina_Oparina"]
[Result "1-0"]
[WhiteElo "2554"]
[BlackElo "2179"]
[TimeControl "180+2"]
[EndTime "13:09:02 PST"]
[Termination "Keaton87 won on time"]

1. d4 Nf6 2. Nc3 d5 3. Bf4 c6 4. Qd2 Bf5 5. f3 h6 6. g4 Bh7 7. e3 e6 8. Bd3 Bd6 9. Nge2 Bxf4 10. Nxf4 Nbd7 11. O-O-O Qc7 12. Bxh7 Nxh7 13. h4 O-O-O 14. Kb1 e5 15. Nfe2 Nhf8 16. f4 e4 17. f5 h5 18. g5 g6 19. f6 Ne6 20. Rdf1 b5 21. Nf4 Nxf4 22. Rxf4 Nf8 23. Ne2 Ne6 24.
Rff1 a5 25. Nf4 Rhe8 26. Nxe6 Rxe6 27. Qh2 Kb7 28. Qxc7+ Kxc7 29. Kc1 a4 30. a3 Kd6 31. b3 Ra8 32. Kb2 Ree8 33. Ra1 Ra6 34. Ra2 Rea8 35. Rha1 Ke6 36. Kc3 Kf5 37. Rg1 Ke6 38. Kb4 Kd6 39. Rb1 R6a7 40. Rc1 Ra6 41. Raa1 R6a7 42. Kc3 axb3 43.
Kxb3 Ra4 44. Ra2 b4 45. Rca1 bxa3 46. Rxa3 Rxa3+ 47. Rxa3 Rb8+ 48. Kc3 Rb1 49. Ra7 Rh1 50. Rxf7 Rxh4 51. Rg7 Rg4 52. Rxg6 h4 53. Rg8 Ke6 54. Kb4 h3 55. Rh8 Rxg5 56. Rxh3 Kxf6 57. Kc5 Kf5 58. Rh4 Rg2 59. Kxc6 Rxc2+ 60. Kxd5 Rc3 61. Rf4+ Kg5 62. Kxe4 1-0

[Event "*** Titled Tuesday Blitz"]
[Site "Chess.com"]
[Date "2019.03.05"]
[Round "1"]
[White "salomez"]
[Black "Ainahia"]
[Result "0-1"]
[WhiteElo "2079"]
[BlackElo "2510"]
[TimeControl "180+2"]
[EndTime "13:09:04 PST"]
[Termination "Ainahia won on time"]

1. b3 d5 2. Bb2 Bg4 3. Nf3 Bxf3 4. exf3 e6 5. d4 Nf6 6. Bd3 Bd6 7. O-O O-O 8. Nd2 Nbd7 9. Re1 b6 10. Nf1 c5 11.
c3 cxd4 12. cxd4 Rc8 13. Qd2 Qe7 14. Rec1 Ba3 15. Ne3 Nb8 16. Rxc8 Rxc8 17. Rc1 Rxc1+ 18. Qxc1 Bxb2 19. Qxb2 Qc7 20. Qc2 Qxc2 21. Nxc2 Ne8 22. Kf1 Nd6 23. Ke2 Nc6 24. Ke3 g6 25. h4 Kg7 26. a3 Kf6 27. b4 b5 28. Kd2 h6 29.
Kc3 a6 30. Na1 Nc4 31. Nc2 Ne7 32. a4 Nc6 33. axb5 axb5 34. Ne3 Ke7 35. Nxc4 dxc4 36. Be4 Kd6 37. g3 Ne7 38. f4 Nd5+ 39. Kd2 Nxb4 40. Ba8 Nd5 41. f3 b4 42. Bb7 Nc7 43. Kc2 f5 44. Bc8 Nb5 0-1

[Event "*** Titled Tuesday Blitz"]
[Site "Chess.com"]
[Date "2019.03.05"]
[Round "1"]
[White "ChristopherYoo"]
[Black "HanSchut"]
[Result "1/2-1/2"]
[WhiteElo "2659"]
[BlackElo "2314"]
[TimeControl "180+2"]
[EndTime "13:09:05 PST"]
[Termination "Game drawn by repetition"]

1. e3 c5 2. Nf3 d5 3. d4 cxd4 4. exd4 Nc6 5. Ne5 Qb6 6. c3 Nxe5 7. dxe5 e6 8. Bd3 Bd7 9. O-O Bb5 10. Be3 Qa6 11.
Bb6 Qxb6 12. Bxb5+ Qxb5 13. b4 Ne7 14. a4 Qd7 15.
Na3 Ng6 16. f4 a5 17. b5 Bxa3 18. Rxa3 O-O 19. Qd3 Rac8 20. Ra2 Rc4 21. g3 Rfc8 22. Rf3 d4 23. Rd2 Qd5 24. cxd4 Rxd4 25. Qxd4 Qxf3 26. Qb2 Ne7 27. Rf2 Qe3 28. Kg2 Nd5 29. Qb1 Rc1 30.
Qb2 Qe4+ 31. Kh3 Rc8 32. Qd2 Ne3 33. g4 h5 34. Qd7 hxg4+ 35. Kg3 Nf5+ 36. Kxg4 Ne3+ 37.
Kg3 Rc3 38. Qd8+ Kh7 39. Qh4+ Kg8 40. Qd8+ Kh7 41. Qh4+ Kg8 42. Qd8+ Kh7 43. Qh4+ Kg8 44. Qd8+ 1/2-1/2

[Event "*** Titled Tuesday Blitz"]
[Site "Chess.com"]
[Date "2019.03.05"]
[Round "1"]
[White "vovachesss"]
[Black "saraswathii"]
[Result "1-0"]
[WhiteElo "2601"]
[BlackElo "2240"]
[TimeControl "180+2"]
[EndTime "13:09:07 PST"]
[Termination "vovachesss won by resignation"]

1. e4 c5 2. d4 cxd4 3. c3 dxc3 4. Nxc3 e6 5. Nf3 Nc6 6. Bc4 Bb4 7. O-O Nf6 8. Qe2 Qc7 9. Nb5 Qb8 10. e5 Ng4 11. Bf4 f6 12. Nd6+ Kf8 13. exf6 Bxd6 14. fxg7+ Kxg7 15. Bg3 Bxg3 16. fxg3 d5 17. Ng5 Nge5 18.
Qh5 Qc7 19. Bd3 h6 20. Rf4 Qe7 21. Nf7 Nxf7 22. Rg4+ Kf8 23. Rf1 e5 24. Rg6 Be6 25. Bf5 Bxf5 26. Qxf5 Nd8 27. Rg4 Rg8 28. Rh4 Qg5 29. Qd7 Kg7 30. Rg4 Rf8 31. Rxg5+ hxg5 32. Qxd5 Nc6 33. h4 Rad8 34. Qe6 Nd4 35. Qg4 Rd6 36. h5 Ne6 37. Qf5 Nd4 38. Qe4 Re6 39.
Rc1 Nd6 40. Rc7+ Rf7 41. h6+ Rxh6 42. Qxe5+ Rf6 43. Rxf7+ Nxf7 44. Qxd4 Kg6 45. Qxa7 Nd6 46. Qd4 Nf5 47. Qe4 Kg7 48. g4 Ng3 49. Qe7+ Kg6 50.
Qe8+ Kg7 51. Qd7+ Kg6 52. Qd3+ 1-0

[Event "*** Titled Tuesday Blitz"]
[Site "Chess.com"]
[Date "2019.03.05"]
[Round "1"]
[White "KRASAVCHIK2002"]
[Black "Ali_rastbod"]
[Result "1-0"]
[WhiteElo "2321"]
[BlackElo "2647"]
[TimeControl "180+2"]
[EndTime "13:09:09 PST"]
[Termination "KRASAVCHIK2002 won by resignation"]

1. Nf3 d5 2. e3 Nf6 3. c4 g6 4. d4 Bg7 5. cxd5 Nxd5 6. Nc3 O-O 7. Bc4 Nb6 8. Bb3 c5 9. dxc5 Qxd1+ 10. Bxd1 N6d7 11. Nd5 Nc6 12. Ba4 Nxc5 13. Bb5 e6 14. Nc3 Nb4 15. O-O a6 16. Be2 b5 17. a3 Nbd3 18. Rd1 Rd8 19. Ne1 Bxc3 20. bxc3 Nb3 21. Rb1 Nbxc1 22. Rbxc1 Nxc1 23. Rxd8+ Kg7 24. Bf3 Rb8 25.
Nc2 e5 26. Nb4 e4 27. Bxe4 Ne2+ 28. Kf1 Nxc3 29. Bf3 a5 30. Nc6 Rb6 31. Rxc8 b4 32.
axb4 axb4 33. Nxb4 Na4 34. Nc2 Rb1+ 35. Ke2 Rb2 36.
Kd2 Nb6 37. Rc7 Rb5 38. g3 Ra5 39. Nd4 Ra2+ 40. Ke1 Rb2 41. Kf1 Kf6 42. Rb7 Rb1+ 43. Kg2 Rb2 44. Nc6 h5 45. Na7 Nc4 46. Rxb2 Nxb2 47.
Nb5 Nd3 48. Nd4 Ke5 49. Be2 Nc5 50. Nf3+ Kf6 51. Bc4 Ne4 52. Bd5 Nd6 53. e4 1-0

[Event "*** Titled Tuesday Blitz"]
[Site "Chess.com"]
[Date "2019.03.05"]
[Round "1"]
[White "payto1"]
[Black "UCantHandleDenker"]
[Result "0-1"]
[WhiteElo "2132"]
[BlackElo "2525"]
[TimeControl "180+2"]
[EndTime "13:09:09 PST"]
[Termination "UCantHandleDenker won on time"]

1. d4 Nf6 2. c4 g6 3. Nc3 Bg7 4.
e4 d6 5. Nf3 O-O 6. Be2 e5 7.
d5 a5 8. h3 Na6 9. Bg5 h6 10. Be3 h5 11. Nd2 Qd7 12. a3 h4 13.
b4 Nh7 14. Nf3 Qe7 15. Qd2 f5 16. Bh6 Bd7 17. Rb1 axb4 18. axb4 c5 19. dxc6 bxc6 20. Bxg7 Kxg7 21. O-O Rfb8 22. Rfd1 Nxb4 23. Qxd6 Qxd6 24. Rxd6 Be8 25. exf5 gxf5 26. Nxe5 Nf6 27. Bf3 Ra3 28. Ne2 c5 29. Nf4 Rc8 30. Ne6+ Kg8 31. Rbd1 Kh7 32. Rd8 Rxd8 33. Rxd8 Ba4 34. Rf8 Ra1+ 35. Kh2 Ne4 36. Bxe4 fxe4 37. Rf7+ Kh6 38. Ng4+ Kg6 39. Rf6+ Kh7 40.
Rh6+ Kg8 41. Rg6+ Kf7 0-1

[Event "*** Titled Tuesday Blitz"]
[Site "Chess.com"]
[Date "2019.03.05"]
[Round "1"]
[White "jlucasvf"]
[Black "aridannie"]
[Result "1-0"]
[WhiteElo "2739"]
[BlackElo "2367"]
[TimeControl "180+2"]
[EndTime "13:09:12 PST"]
[Termination "jlucasvf won by resignation"]

1. e4 c5 2. Nf3 e6 3. d4 cxd4 4. Nxd4 Nc6 5. a3 Qc7 6. Nc3 a6 7. Be2 Nf6 8. O-O h5 9. Nxc6 bxc6 10. f4 d6 11. Be3 Be7 12. Bf3 e5 13. h3 Rb8 14. b4 h4 15. fxe5 dxe5 16. Na4 Be6 17. Qe2 a5 18. Nc5 Bc8 19. Rab1 axb4 20. axb4 g6 21. Qf2 Bd8 22. Bg5 Rh7 23. Rbd1 Be7 24. Be2 Ng8 25. Bd2 Nf6 26. Bg5 Ng8 27. Bxe7 Qxe7 28.
c3 Be6 29. Ra1 Nh6 30. Ra6 Rc8 31. Rfa1 Kf8 32. Ra7 Qe8 33. Qf6 Kg8 34. Qxe5 Rd8 35.
Qf6 Bc8 36. Ra8 Qf8 37. Bc4 Re8 38. e5 Rg7 39. Rf1 Kh7 40. e6 Bxe6 41. Nxe6 Rxa8 42. Nxf8+ 1-0

[Event "*** Titled Tuesday Blitz"]
[Site "Chess.com"]
[Date "2019.03.05"]
[Round "1"]
[White "Babas"]
[Black "Vlad_Lukiianchuk"]
[Result "0-1"]
[WhiteElo "2263"]
[BlackElo "2623"]
[TimeControl "180+2"]
[EndTime "13:09:13 PST"]
[Termination "Vlad_Lukiianchuk won by resignation"]

1. d4 Nf6 2. Nf3 e6 3. Bf4 d5 4. e3 Bd6 5. Bg3 c5 6. c3 O-O 7. Nbd2 Qc7 8. Bd3 Nbd7 9. Qe2 e5 10. dxe5 Nxe5 11. Nxe5 Bxe5 12. Nf3 Bxg3 13. hxg3 Re8 14. Ng5 h6 15. Nf3 Bg4 16. O-O-O d4 17. Bc4 dxe3 18. fxe3 Qxg3 19. Rhf1 a6 20. a4 Rad8 21. Rxd8 Rxd8 22. Rd1 Re8 23. Rd2 Ne4 24. Rd1 Ng5 25. Rf1 Qc7 26.
Qc2 Bxf3 27. gxf3 Rxe3 28. f4 Nf3 29. Kb1 Qxf4 30. Bb3 Nd2+ 31. Qxd2 Qxf1+ 32. Ka2 Re8 33. Qd7 Rf8 34. Bd5 b5 35. axb5 axb5 36. Qe7 b4 37.
Qxc5 bxc3 38. bxc3 Qa6+ 39. Kb3 Rb8+ 40. Kc2 Qe2+ 41. Kc1 Qb2+ 42. Kd1 Qb1+ 43. Kd2 Rb2+ 44. Ke3 Qg1+ 0-1

[Event "*** Titled Tuesday Blitz"]
[Site "Chess.com"]
[Date "2019.03.05"]
[Round "1"]
[White "gmjlh"]
[Black "volcanoexplorer"]
[Result "1-0"]
[WhiteElo "2726"]
[BlackElo "2356"]
[TimeControl "180+2"]
[EndTime "13:09:19 PST"]
[Termination "gmjlh won by resignation"]

1. Nf3 d5 2. d4 Nf6 3. c4 c6 4. e3 e6 5. Bd3 Be7 6. O-O O-O 7. Nc3 b6 8. e4 dxe4 9. Nxe4 Bb7 10.
Qc2 h6 11. Nxf6+ Bxf6 12. Bh7+ Kh8 13. Be4 Nd7 14. Bf4 Re8 15. Rad1 Qe7 16. Rfe1 Qf8 17. c5 Be7 18. b4 Nf6 19. Bd3 a5 20. a3 axb4 21.
axb4 Nd5 22. Bd2 Ba6 23. Be4 bxc5 24. bxc5 Bf6 25. g4 Bb5 26. h4 Ba4 27. Qd3 Bxd1 28. Rxd1 g6 29. g5 Bg7 30. h5 hxg5 31. hxg6 f6 32. Nxg5 fxg5 33. Qh3+ Bh6 34. Bxg5 Nf4 35. Qh2 Ne2+ 36. Kf1 Ng3+ 37. Qxg3 Bxg5 38. Qxg5 Kg7 39. Qh5 Qh8 40. Qe5+ Kg8 41. Qxh8+ Kxh8 42. Bxc6 Kg7 43. Re1 Kxg6 44. Bxa8 Rxa8 45. Rxe6+ Kf5 46. Rd6 Rc8 47.
Kg2 Ke4 48. c6 Rg8+ 49. Kf1 Kf3 50. d5 Ra8 51. Rf6+ Ke4 52. d6 Kd5 53. d7 1-0

[Event "*** Titled Tuesday Blitz"]
[Site "Chess.com"]
[Date "2019.03.05"]
[Round "1"]
[White "Vuk2000"]
[Black "LearningChess2019"]
[Result "1-0"]
[WhiteElo "2736"]
[BlackElo "2362"]
[TimeControl "180+2"]
[EndTime "13:09:20 PST"]
[Termination "Vuk2000 won by resignation"]

1. d4 Nf6 2. Bg5 e6 3. e4 c5 4. d5 h6 5. Bxf6 Qxf6 6. Nc3 a6 7.
Nf3 e5 8. a4 d6 9. a5 Be7 10.
Nd2 O-O 11. Nc4 Nd7 12. Bd3 Rb8 13. O-O Bd8 14. Qe2 Qg5 15. Nxd6 Nf6 16. Nxc8 Rxc8 17. Bc4 Nh5 18. Qf3 Nf4 19. g3 Kh8 20. h4 Qg6 21. Kh2 Nh5 22. Be2 Nf6 23. d6 Rc6 24. Rfd1 Nd7 25.
Qg4 Nf6 26. Qxg6 fxg6 27. Kg2 Ne8 28. d7 Nf6 29. Rd3 Rf7 30. b3 Rc7 31. Nd5 Rcxd7 32. c4 Nxe4 33. f3 Nf6 34. Rad1 Nxd5 35. Rxd5 Rxd5 36. Rxd5 Bxa5 37. Rxc5 Bc3 38. Bd3 Rf8 39.
Bxg6 Bd4 40. Rd5 Bc3 41. Rd7 Rb8 42. c5 Bd4 43. f4 Bxc5 44. fxe5 Kg8 45. e6 Kf8 46.
Rf7+ Kg8 47. Rc7 Kf8 48. Rxc5 1-0

[Event "*** Titled Tuesday Blitz"]
[Site "Chess.com"]
[Date "2019.03.05"]
[Round "1"]
[White "Chessialist"]
[Black "Siemba"]
[Result "1-0"]
[WhiteElo "2503"]
[BlackElo "2090"]
[TimeControl "180+2"]
[EndTime "13:09:23 PST"]
[Termination "Chessialist won by checkmate"]

1. e4 c5 2. Nf3 Nc6 3. d4 cxd4 4. Nxd4 Nf6 5. Nc3 e5 6. Ndb5 d6 7. Bg5 a6 8. Na3 b5 9. Nd5 Be7 10. Bxf6 Bxf6 11. c4 O-O 12. Be2 b4 13. Nc2 a5 14.
Bg4 Be6 15. O-O Rc8 16. h3 Be7 17. b3 Re8 18. Qd3 Bf8 19. Rad1 Rb8 20. Qg3 g6 21. Rd3 Bg7 22. Rfd1 f5 23. exf5 gxf5 24. Bh5 Rf8 25. f4 e4 26. R3d2 Kh8 27. Nce3 Rg8 28. Qf2 a4 29.
Kh1 axb3 30. axb3 Ra8 31. Nc2 Ra2 32. Ncxb4 Nxb4 33. Nxb4 Rxd2 34. Qxd2 Qh4 35. Be2 Bf6 36. Qxd6 Bf7 37. Nd5 Bxd5 38. cxd5 Rg3 39. Bf1 Kg7 40. Qd7+ Kh6 41. Qxf5 e3 42. d6 Bc3 43. d7 Bd2 44. Qe6+ Rg6 45. Qe8 Ba5 46. d8=Q Bxd8 47. Qxd8 Qf2 48.
Qf8+ Kh5 49. Qf5+ Kh6 50. Qe4 Kh5 51. f5 Rd6 52. Qg4+ Kh6 53. Rxd6# 1-0